Map: Rosanegro LE

Players

DMAX

  • Race: Terran Terran
  • League: Gold
  • Spawn Location: 7:00

IagoAbreu - Winner!

  • Race: Zerg Zerg
  • League: Gold
  • Spawn Location: 1:00

VOD

Have the link to the VOD?

Description

Time

  • Played on: March 17, 2018, 11:02 a.m.
  • Length: 17:21
Show
View Real Time Build Order
Export as new Build Order

DMAX Terran 

Build Orders:  

Get SALT Encoding   

  12  0:07  SCV  
  13  0:26  Supply Depot  
  13  0:31  Refinery  
  13  0:33  SCV  
  14  0:45  SCV  
  15  0:52  Barracks  
  15  0:57  SCV  
  16  1:10  SCV  
  17  1:22  SCV  
  17  1:24  Supply Depot  
  18  1:34  SCV  
  19  1:46  SCV  
  19  1:49  Factory  
  19  1:52  Marine  
  20  2:04  Orbital Command  
  20  2:08  Refinery  
  20  2:22  Barracks Reactor  
  20  2:30  SCV  
  20  2:36  Factory  
  21  2:56  Factory Tech Lab  
  21  3:04  Starport  
  21  3:26  Command Center  
  21  3:31  Factory Tech Lab  
  21  3:46  Stimpack  
  21  3:50  Medivac  
  23  3:57  SCV  
  24  4:04  Engineering Bay  
  24  4:09  SCV  
  25  4:10  Hellion x2  
  29  4:22  SCV, Supply Depot  
  30  4:28  Marine  
  31  4:35  Barracks  
  31  4:37  SCV, Hellion x2  
  36  4:46  Marine  
  37  4:54  Missile Turret  
  37  5:21  Widow Mine  
  37  5:22  Marine, Widow Mine  
  37  5:23  Marine  
  43  5:40  Marine  
  44  5:43  Widow Mine  
  46  6:21  Marine x2  
  46  6:24  Hellion x3  
  54  6:30  Missile Turret  
  54  6:42  Marine x2  
  54  6:45  Hellion  
  54  6:46  Hellion  
  46  7:05  Marine x2  
  51  7:08  Hellion x3  
  63  7:22  Medivac  
  51  7:23  Marine  
  54  7:41  Bunker  
  54  7:46  SCV  
  54  7:47  Widow Mine x2, Hellion  
  61  7:52  Medivac  
  63  7:58  SCV  
  63  7:59  Marine, Missile Turret  
  63  8:03  Barracks Reactor  
  65  8:08  Widow Mine x2  
  65  8:11  SCV  
  70  8:18  Supply Depot x2  
  70  8:20  Supply Depot  
  70  8:39  Marine  
  70  8:40  SCV, Siege Tank  
  75  8:44  Orbital Command, Supply Depot x2  
  75  8:45  Supply Depot  
  75  8:53  Barracks  
  75  8:55  Medivac  
  69  9:12  Siege Tank  
  69  9:15  Liberator  
  66  9:26  SCV  
  66  9:30  SCV  
  71  9:38  SCV  
  71  9:42  SCV  
  73  9:46  Barracks  
  73  9:49  Missile Turret  
  73  9:50  SCV  
  74  9:54  SCV  
  75  10:02  SCV  
  75  10:06  Missile Turret  
  76  10:07  Marine x4  
  76  10:12  Hellion x3  
  86  10:20  Refinery  
  86  10:22  Refinery  
  86  10:33  Hellion  
  80  11:01  Missile Turret  
  55  11:25  Viking  
  48  11:36  Hellion x3  
  54  11:57  Widow Mine x2  
  60  12:04  Starport Tech Lab  
  58  12:16  Marine x5  
  58  12:22  Command Center, Starport  
  63  12:34  Marine x4  
  67  12:49  SCV  
  68  12:52  Marine  
  69  12:59  Marine  
  69  13:00  Marine x3  
  69  13:01  SCV  
  69  13:04  Starport Reactor  
  74  13:06  Viking  
  76  13:13  SCV  
  76  13:14  Sensor Tower  
  49  14:17  Marine x2  
  49  14:21  Orbital Command  
  51  14:27  Planetary Fortress  
  49  14:32  Bunker  
  49  14:33  Refinery  
  49  14:35  Marine  
  49  14:38  Refinery  
  45  14:57  Marine x2  
  49  15:15  Marine x2  
  48  15:27  Bunker  
  48  15:33  Marine x2  
  48  15:34  Barracks  
  50  15:39  Barracks  
  50  15:50  Marine  
  50  15:52  Factory  
  51  16:17  Engineering Bay  
  51  16:33  Barracks Reactor  
  51  16:34  Barracks Tech Lab  
  51  16:36  Barracks  
  51  16:40  Factory Reactor  
  51  16:41  Factory  
  51  16:44  Starport  
  51  16:52  Starport  
Show
View Real Time Build Order
Export as new Build Order

IagoAbreu Zerg - Winner!

Build Orders: Pool First 

Get SALT Encoding   

  12  0:19  Spawning Pool  
  11  0:23  Drone  
  11  0:27  Drone  
  13  0:36  Overlord  
  13  0:42  Drone  
  14  0:55  Overlord  
  14  1:09  Zergling x4  
  16  1:28  Hatchery  
  15  1:39  Zergling x2  
  17  1:40  Zergling x4  
  18  1:53  Queen  
  20  1:55  Drone  
  21  2:01  Extractor  
  21  2:03  Extractor  
  19  2:10  Drone  
  20  2:39  Drone x2  
  20  2:40  Drone  
  23  2:44  Queen  
  23  2:47  Drone  
  26  2:53  Drone x2  
  28  3:28  Drone x5  
  28  3:29  Drone x2  
  35  3:48  Lair  
  35  3:50  Burrow  
  35  4:13  Extractor  
  35  4:14  Extractor  
  35  4:16  Hatchery  
  32  4:29  Zergling x2  
  32  4:30  Zergling x6  
  36  4:31  Overlord  
  36  4:32  Overlord x3  
  31  5:23  Roach Warren  
  29  5:30  Queen  
  29  5:35  Drone x6  
  36  5:36  Drone x5  
  36  5:38  Drone  
  43  6:01  Overseer  
  43  6:12  Roach  
  43  6:13  Roach x7  
  43  6:14  Roach  
  61  6:21  Glial Reconstitution  
  61  6:23  Metabolic Boost  
  61  6:28  Zergling x4  
  61  6:29  Zergling x4  
  58  7:00  Zergling x2  
  58  7:01  Zergling x10  
  62  7:14  Queen  
  64  7:16  Drone  
  65  7:28  Drone  
  65  7:29  Overlord x2  
  66  7:30  Overlord x3  
  66  7:40  Spire  
  65  7:44  Hydralisk Den  
  65  7:48  Nydus Network  
  63  7:51  Infestation Pit  
  62  8:06  Drone x7  
  62  8:07  Drone x2  
  71  8:21  Grooved Spines  
  71  9:01  Mutalisk x3  
  71  9:02  Mutalisk x5  
  62  10:05  Hydralisk  
  62  10:06  Hydralisk x7  
  62  10:07  Hydralisk x6  
  74  10:10  Hive  
  74  10:13  Zerg Flyer Weapons Level 1  
  90  10:29  Zergling x6  
  90  10:33  Roach x5  
  75  10:55  Hydralisk x5  
  58  11:46  Queen  
  60  12:10  Greater Spire  
  60  12:15  Roach x4  
  68  12:17  Drone  
  68  12:18  Zergling x8  
  73  12:50  Zergling x6  
  73  12:51  Roach x6  
  84  12:53  Zergling x2  
  84  12:54  Zergling x2  
  90  13:08  Nydus Canal  
  90  13:20  Roach  
  90  13:21  Roach, Zergling x6  
  90  13:22  Zergling x2  
  90  13:23  Overlord x6  
  90  13:24  Overlord  
  81  14:23  Corruptor x2  
  81  14:24  Corruptor  
  81  14:32  Zergling x12  
  85  14:44  Extractor  
  80  14:46  Extractor  
  77  15:01  Zergling x4  
  77  15:02  Zergling x12  
  77  15:03  Zergling x2  
  84  15:26  Brood Lord x2  
  88  15:39  Zergling x10, Corruptor  
  88  15:40  Zergling x2  
  88  15:41  Zergling x4  
  98  16:05  Roach x3  
  98  16:06  Roach x6  
  116  16:12  Brood Lord  
  118  16:23  Ravager x2  
Tags
 
League
GoldGold
Matchup
TvZ
Opening
Pool First
Spawn Locations
Cross Positions
Add a new tag
Caveats
  • Supply blocks, unpowered buildings, or Contaminate may cause inaccurate times.
  • Supply counts are checked every 10 seconds.